 Dungeon Crawl Stone Soup version 0.18-b1-18-g7758cf2 (webtiles) character file.

114 nikopol the Skirmisher (level 4, 0/41 HPs)
             Began as a Minotaur Berserker on May 2, 2016.
             Was a Believer of Trog.
             Slain by Grinder (3 damage)
             ... on level 3 of the Dungeon.
             The game lasted 00:03:47 (1565 turns).

nikopol the Skirmisher (Minotaur Berserker)         Turns: 1565, Time: 00:03:48

Health: 0/41       AC:  5    Str: 22    XL:     4   Next: 67%
Magic:  3/3        EV:  9    Int:  4    God:    Trog [**....]
Gold:   89         SH:  7    Dex: 10    Spells: 0 memorised, 3 levels left

rFire  . . .     SeeInvis .     j - +2 hand axe (chop)
rCold  . . .     Gourm    .     k - +0 ring mail
rNeg   . . .     Faith    .     m - +0 shield (curse)
rPois  .         Spirit   .     (helmet restricted)
rElec  .         Dismiss  .     (no cloak)
rCorr  .         Reflect  .     (no gloves)
SustAt .         Harm     .     (no boots)
MR     .....                    (no amulet)
Stlth  ..........               (no ring)
                                (no ring)

@: not resistant to hostile enchantments, extremely unstealthy
A: retaliatory headbutt, horns 2
a: Berserk, Trog's Hand, Burn Spellbooks, Renounce Religion


You were on level 3 of the Dungeon.
You worshipped Trog.
Trog was pleased with you.
You were not hungry.

You visited 1 branch of the dungeon, and saw 3 of its levels.

You collected 89 gold pieces.

Inventory:

Hand Weapons
 a - a +0 spear
 j - a +2 hand axe of chopping (weapon)
Armour
 b - a +0 animal skin
 e - a +0 leather armour
 k - a +0 ring mail (worn)
 m - a cursed +0 shield (worn)
Scrolls
 f - a scroll of magic mapping {unknown}
 g - 2 scrolls of identify {unknown}
 i - a scroll of teleportation {unknown}
Potions
 h - a potion of brilliance {unknown}
 l - a potion of mutation {unknown}
 n - a potion of magic {unknown}
 o - a potion of might {unknown}
Comestibles
 c - 3 bread rations
 d - a slice of pizza


   Skills:
 + Level 4.3 Fighting
 * Level 0.0(2.5) Axes
 - Level 4.3 Polearms
 + Level 3.7 Armour
 + Level 3.5 Dodging


You had 3 spell levels left.
You didn't know any spells.

Dungeon Overview and Level Annotations

Branches:
Dungeon (3/15)

Altars:

Annotations:
D:3 Grinder


Innate Abilities, Weirdness & Mutations

You reflexively headbutt those who attack you in melee.
You have a pair of horns on your head.


Message History

Pain shoots through your body!
You continue putting on your shiny shield. x2
Something hits you but does no damage.
You continue putting on your shiny shield.
You finish putting on your cursed +0 shield.
Oops, that feels deathly cold.
You miss something. You headbutt something. Something hits you.
You writhe in agony.
* * * LOW HITPOINT WARNING * * *
You miss something. Something hits you but does no damage.
You hit something.
Something tries to affect you, but you resist.
You closely miss something. Your headbutt misses something.
Pain shoots through your body!
* * * LOW HITPOINT WARNING * * *
Something tries to affect you, but you resist.
You hit something. Your headbutt misses something.
You block something's attack.
You closely miss something. You headbutt something. Something hits you.
You die...

### #.########.#.
#############...[).......
#...............@....#
##.##########.######.#
#.# .!... #.# #.#.### #.#
#.#.. #.# # ### #.#
#.########## #.#.........


There were no monsters in sight!

Vanquished Creatures
  An orc wizard (D:3)
  3 adders (D:2)
  A worm (D:2)
  3 dart slugs (D:1)
  5 giant geckos
  3 orcs (D:3)
  A ball python (D:2)
  A giant cockroach (D:2)
  5 goblins (D:1)
  2 hobgoblins
  A quokka (D:2)
  5 bats
  2 giant newts
  5 kobolds
  8 rats
46 creatures vanquished.

Notes
Turn   | Place    | Note
--------------------------------------------------------------
     0 | D:1      | nikopol the Minotaur Berserker began the quest for the Orb.
     0 | D:1      | Reached XP level 1. HP: 19/19 MP: 0/0
   287 | D:1      | Reached XP level 2. HP: 25/27 MP: 1/1
   817 | D:1      | Reached XP level 3. HP: 33/33 MP: 2/2
   859 | D:1      | Reached ** piety under Trog
  1321 | D:2      | Reached XP level 4. HP: 40/40 MP: 3/3
  1539 | D:3      | Noticed Grinder
  1565 | D:3      | Slain by Grinder

Skill      XL: |  1  2  3 |
---------------+----------+-----
Armour         | 3 |  3.7
Dodging        | 3 |  3.5
Fighting       | 4 |  4.3
Polearms       | 4 |  4.3

Action                   |  1- 3 |  4- 6 || total
-------------------------+-------+-------++-------
Melee: Spear             |    87 |    24 ||   111
       Headbutt          |     8 |     7 ||    15
       Hand axe          |       |     6 ||     6
 Stab: Sleeping          |     1 |       ||     1
  Eat: Chunk             |     1 |     1 ||     2
Armor: Leather armour    |     4 |       ||     4
       Ring mail         |    14 |     5 ||    19
Dodge: Dodged            |    22 |     5 ||    27
Block: Shield            |       |     1 ||     1
